[Event "Early-Titled-Tuesday-Blitz-March-05-2024"]
[Site "Chess.com"]
[Date "2024.03.05"]
[Round "4"]
[White "DavidGavrilescu18"]
[Black "ATM622"]
[Result "1-0"]
[WhiteElo "2760"]
[BlackElo "2539"]
[TimeControl "180+1"]
[EndTime "8:40:19 PST"]
[Termination "DavidGavrilescu18 won on time"]

1. e4 c6 2. Nc3 d5 3. d4 dxe4 4. Nxe4 Bf5 5. Ng5 Nf6 6. N1f3 Nbd7 7. Bc4 e6 8. O-O h6 9. Nxf7 Kxf7 10. Re1 Bd6 11. h3 b5 12. Bb3 Re8 13. g4 Be4 14. g5 Bxf3 15. Qxf3 hxg5 16. Bxg5 Nf8 17. Re4 Kg8 18.
Rae1 N8h7 19. Rxe6 Rxe6 20. Rxe6 Nxg5 21. Rxd6+ Kh8 22.
Rxd8+ Rxd8 23. Qf5 Nge4 24. c3 Nd6 25. Qf3 Nde4 26.
Bc2 Re8 27. Bxe4 Rxe4 28. Kg2 Kg8 29. Qf5 Kf7 30. Qc8 Nd5 31. Qxc6 Nf6 32. Qxb5 Kg6 33.
d5 Re5 34. Qd3+ Kf7 35. d6 Ke8 36. c4 Kd7 37. b4 Ne4 38. c5 Nf6 39. Qb5+ Ke6 40. Qc6 Rg5+ 41. Kf1 1-0

[Event "Early-Titled-Tuesday-Blitz-March-05-2024"]
[Site "Chess.com"]
[Date "2024.03.05"]
[Round "4"]
[White "averageFM"]
[Black "rubicapa"]
[Result "1-0"]
[WhiteElo "2620"]
[BlackElo "2419"]
[TimeControl "180+1"]
[EndTime "8:40:21 PST"]
[Termination "averageFM won on time"]

1. d4 Nf6 2. Nc3 e6 3. e4 d5 4. f3 Bb4 5. e5 Nfd7 6. f4 c5 7. Nf3 Nc6 8. a3 Ba5 9. b4 cxb4 10. Nb5 O-O 11. Bd3 bxa3+ 12. c3 f6 13. Bxa3 fxe5 14. Bxh7+ Kxh7 15. Ng5+ Kg8 16. Bxf8 Nxf8 17. O-O a6 18. Qh5 e4 19. Qf7+ Kh8 20. Rxa5 Nxa5 21. Nc7 Bd7 22.
Nxa8 Qxa8 23. f5 exf5 24. Rf4 1-0

[Event "Early-Titled-Tuesday-Blitz-March-05-2024"]
[Site "Chess.com"]
[Date "2024.03.05"]
[Round "4"]
[White "MdChess1734"]
[Black "NarminSoyunlu"]
[Result "0-1"]
[WhiteElo "2363"]
[BlackElo "2193"]
[TimeControl "180+1"]
[EndTime "8:40:22 PST"]
[Termination "NarminSoyunlu won on time"]

1. e4 e5 2. Nf3 Nc6 3. Bb5 a6 4. Ba4 Nf6 5. O-O b5 6. Bb3 Bc5 7. c3 Ba7 8. d4 exd4 9. cxd4 d5 10. exd5 Nxd5 11. Re1+ Nce7 12. Bg5 f6 13. Qe2 c6 14. Bh4 Bg4 15. Nc3 Nxc3 0-1

[Event "Early-Titled-Tuesday-Blitz-March-05-2024"]
[Site "Chess.com"]
[Date "2024.03.05"]
[Round "4"]
[White "LiadCuba"]
[Black "PepeCuenca"]
[Result "0-1"]
[WhiteElo "2515"]
[BlackElo "2696"]
[TimeControl "180+1"]
[EndTime "8:40:26 PST"]
[Termination "PepeCuenca won on time"]

1. d4 Nf6 2. c4 g6 3. Nc3 Bg7 4.
e4 d6 5. Be2 O-O 6. Be3 Nc6 7.
h4 e5 8. d5 Nd4 9. Bxd4 exd4 10.
Qxd4 Re8 11. Qd3 Nd7 12. f3 c6 13. dxc6 bxc6 14. O-O-O Qa5 15. h5 Rb8 16. hxg6 hxg6 17. Qc2 Nc5 18. Rxd6 Be6 19. Rxc6 Rxb2 20. Qxb2 Bxc3 21.
Qc2 Qa3+ 0-1

[Event "Early-Titled-Tuesday-Blitz-March-05-2024"]
[Site "Chess.com"]
[Date "2024.03.05"]
[Round "4"]
[White "Bauman_Guy"]
[Black "Andrey_Klymchuk"]
[Result "1-0"]
[WhiteElo "2920"]
[BlackElo "2701"]
[TimeControl "180+1"]
[EndTime "8:40:29 PST"]
[Termination "Bauman_Guy won by resignation"]

1. e4 c5 2. Nf3 Nc6 3. d4 cxd4 4. Nxd4 g6 5. c4 Nf6 6. Nc3 d6 7. Be2 Nxd4 8. Qxd4 Bg7 9. Be3 O-O 10. Qd2 Be6 11.
O-O Qa5 12. Rad1 Rfc8 13. b3 b5 14. Nxb5 Qxd2 15. Bxd2 Nxe4 16. Bf3 Nxd2 17. Rxd2 Rab8 18. Nxa7 Rc7 19. Nb5 Rc5 20. a4 Bd7 21. h4 Rb6 22. g3 Kf8 23. Rfd1 Bf6 24. Ra2 Bc8 25. Be2 Ba6 26. Rad2 Kg7 27. Bf3 h5 28. Kg2 Be5 29.
Rd5 Rc8 30. R5d3 Kh6 31. Bd5 Kg7 32. Kg1 Rc5 33. Rf3 Bf6 34. Re3 Rb8 35. Rde1 Kf8 36. Kh2 Rb6 37. Rf3 Rc8 38. a5 Rbb8 39. Nxd6 Rc5 40.
Ne4 Rxa5 41. Nxf6 exf6 42. Rxf6 1-0

[Event "Early-Titled-Tuesday-Blitz-March-05-2024"]
[Site "Chess.com"]
[Date "2024.03.05"]
[Round "4"]
[White "JSPrepz"]
[Black "Alonmindlin"]
[Result "0-1"]
[WhiteElo "2855"]
[BlackElo "2679"]
[TimeControl "180+1"]
[EndTime "8:40:31 PST"]
[Termination "Alonmindlin won by checkmate"]

1. e4 e5 2. Nf3 Nc6 3. Nc3 Nf6 4. a3 d6 5. d4 Bd7 6. h3 g6 7. Bc4 Bg7 8. dxe5 Nxe5 9. Nxe5 dxe5 10. Bg5 h6 11.
Be3 Bc6 12. Qe2 Nxe4 13. Nxe4 Bxe4 14. Bxf7+ Kxf7 15. Rd1 Bd5 16. c4 c6 17. cxd5 cxd5 18. Qf3+ Ke6 19. Qg4+ Kf7 20. Qf3+ Ke6 21. O-O h5 22. Rfe1 Rf8 23. Qe2 Qd7 24. Bd4 Qd6 25. Qb5 Rf7 26. Bc5 Qc6 27. Qb4 a5 28. Qc3 b6 29. Qg3 Qxc5 30. Qxg6+ Ke7 31. Re3 Raf8 32. Rde1 Qd6 33. Qxh5 Rxf2 34. Rxe5+ Bxe5 35. Rxe5+ Kd7 36. Rxd5 Rf1# 0-1

[Event "Early-Titled-Tuesday-Blitz-March-05-2024"]
[Site "Chess.com"]
[Date "2024.03.05"]
[Round "4"]
[White "LornerAcosta"]
[Black "amylazy"]
[Result "1-0"]
[WhiteElo "2633"]
[BlackElo "2403"]
[TimeControl "180+1"]
[EndTime "8:40:31 PST"]
[Termination "LornerAcosta won by resignation"]

1. Nf3 Nf6 2. c4 g6 3. b3 Bg7 4. Bb2 O-O 5. e3 d6 6. Be2 e5 7.
d4 Nc6 8. dxe5 Ng4 9. O-O Ngxe5 10. Nc3 Bf5 11. Qd2 Re8 12. Rad1 Qd7 13. Nd5 Rad8 14.
Qc1 Qc8 15. Rfe1 Ne7 16. Nd4 Nxd5 17. cxd5 Be4 18. Nb5 c6 19. dxc6 Bxc6 20. Nxd6 Rxd6 21. Rxd6 Qf5 22. f4 Qe4 23. Bf1 Nf3+ 24. gxf3 Qxf3 25. Rxc6 bxc6 26. Bxg7 Kxg7 27. Bg2 Qg4 28. Qxc6 h5 29. Qxe8 1-0

[Event "Early-Titled-Tuesday-Blitz-March-05-2024"]
[Site "Chess.com"]
[Date "2024.03.05"]
[Round "4"]
[White "GeorgiosSouleidis"]
[Black "GlavkonVVS"]
[Result "0-1"]
[WhiteElo "2682"]
[BlackElo "2539"]
[TimeControl "180+1"]
[EndTime "8:40:32 PST"]
[Termination "GlavkonVVS won on time"]

1. e4 Nf6 2. e5 Nd5 3. d4 d6 4.
Nf3 Bg4 5. Be2 e6 6. O-O Be7 7. c4 Nb6 8. h3 Bh5 9. Nc3 O-O 10.
exd6 cxd6 11. Be3 d5 12. c5 Bxf3 13. Bxf3 Nc8 14. b4 Nc6 15. b5 Na5 16. Qd3 Bf6 17.
g4 g6 18. Bg2 b6 19. c6 Nd6 20.
Bh6 Bg7 21. Bxg7 Kxg7 22. Rac1 a6 23. a4 Nac4 24. Ra1 Qf6 25. Rfb1 a5 26. Re1 h5 27. Re2 hxg4 28. hxg4 Rh8 29. Rae1 Qf4 30. Bf3 Rh3 31. Re3 Rah8 32. Kf1 Nd2+ 33. Qxd2 Rxf3 34. Qe2 Rh1+ 35.
Kg2 Rh2+ 36. Kg1 Rfxf2 37. Qd3 Rhg2+ 0-1

[Event "Early-Titled-Tuesday-Blitz-March-05-2024"]
[Site "Chess.com"]
[Date "2024.03.05"]
[Round "4"]
[White "ViIIagra"]
[Black "Kunalm64"]
[Result "0-1"]
[WhiteElo "2917"]
[BlackElo "2621"]
[TimeControl "180+1"]
[EndTime "8:40:35 PST"]
[Termination "Kunalm64 won by resignation"]

1. Nf3 Nf6 2. e3 d5 3. h3 a6 4. c4 e6 5. b3 Be7 6. Bb2 O-O 7. g4 c5 8. g5 Ne4 9. h4 Nc6 10.
d3 Qa5+ 11. Nfd2 Nxd2 12. Qxd2 Qxd2+ 13. Nxd2 Rd8 14. Ke2 b5 15. Bg2 Bb7 16. Ba3 Bf8 17.
Rac1 Ne5 18. cxd5 Bxd5 19. Bxd5 Rxd5 20. Bxc5 Nxd3 21. Bxf8 Nxc1+ 22. Rxc1 Kxf8 23. Rc6 Rdd8 24. Ne4 Rdc8 25. Rb6 Rc2+ 26. Kf3 Rxa2 27. Rb7 Kg8 28. Nd6 Rf8 29. Ra7 Rb2 30. Rxa6 Rxb3 31. Rb6 b4 32. Rb7 Rb1 33. h5 h6 34. gxh6 gxh6 35. Ke4 b3 36. f4 b2 37. Nc4 Rc8 38. Nd6 Rd1 39. Nxc8 b1=Q+ 40. Rxb1 Rxb1 41. Kf3 Rh1 42. Kg4 f5+ 43. Kg3 Rxh5 44. Kg2 Kg7 45. Nd6 Rh4 46. Nc4 Rg4+ 47.
Kh2 Kf6 0-1

[Event "Early-Titled-Tuesday-Blitz-March-05-2024"]
[Site "Chess.com"]
[Date "2024.03.05"]
[Round "4"]
[White "effefe"]
[Black "bazar-wokzal"]
[Result "0-1"]
[WhiteElo "2412"]
[BlackElo "2601"]
[TimeControl "180+1"]
[EndTime "8:40:35 PST"]
[Termination "bazar-wokzal won by resignation"]

1. d4 Nf6 2. c4 Nc6 3. Nc3 e5 4.
d5 Ne7 5. e4 Ng6 6. h4 h5 7.
Bg5 Be7 8. Be2 d6 9. Nf3 Ng4 10.
Bxe7 Qxe7 11. Qc2 O-O 12. O-O-O Nxf2 13. Rdf1 Nxh1 14. Rxh1 f5 15. Ng5 Nxh4 16. Ne6 Bxe6 17. dxe6 c6 18. g3 Qg5+ 19. Kb1 Qxg3 20. Bxh5 g6 21. Ne2 Qg5 22. exf5 Rxf5 23. Bxg6 Nxg6 24. Rg1 Qxg1+ 0-1

[Event "Early-Titled-Tuesday-Blitz-March-05-2024"]
[Site "Chess.com"]
[Date "2024.03.05"]
[Round "4"]
[White "margarita_2703"]
[Black "chucksterf10"]
[Result "0-1"]
[WhiteElo "2394"]
[BlackElo "2574"]
[TimeControl "180+1"]
[EndTime "8:40:36 PST"]
[Termination "chucksterf10 won by resignation"]

1. e4 a6 2. d4 c6 3. Bd3 d5 4. e5 h5 5. f4 Bg4 6. Nf3 e6 7. O-O c5 8. c3 Nc6 9. Be3 Qb6 10. Qd2 cxd4 11. Nxd4 Bc5 12. Na3 Nxd4 13. cxd4 Bxd4 14. Bb5+ axb5 15. Bxd4 Qa5 16. Qd3 Ne7 17. Nxb5 O-O 18. Nd6 Nf5 19. Nxb7 Qb4 20. Bc5 Qxb7 21. Bxf8 Rxf8 22. Rab1 Qb6+ 23. Kh1 Ne3 24. Rfe1 Bf5 25. Qxe3 Qxe3 26. Rxe3 Bxb1 27. a4 d4 28. Re2 d3 29.
Rd2 Rc8 30. Kg1 Rc2 31. Rd1 d2 32. Kf2 Rxb2 33. Ke3 Rb4 34. Kxd2 Be4 35. Ra1 Bxg2 36. Kc3 Rxf4 37. a5 Rf5 38. a6 Rxe5 39. a7 g5 40. Rb1 Kg7 41. Rb8 g4 42. Kd4 Ra5 0-1

[Event "Early-Titled-Tuesday-Blitz-March-05-2024"]
[Site "Chess.com"]
[Date "2024.03.05"]
[Round "4"]
[White "ploxoi"]
[Black "JiiHart"]
[Result "1-0"]
[WhiteElo "2452"]
[BlackElo "2177"]
[TimeControl "180+1"]
[EndTime "8:40:36 PST"]
[Termination "ploxoi won on time"]

1. d4 d5 2. c4 c5 3. cxd5 Qxd5 4. Nf3 cxd4 5. Nc3 Qd8 6. Nxd4 a6 7. e4 e5 8. Nf3 Qxd1+ 9. Nxd1 Nc6 10. a3 Nf6 11.
Bd3 Be7 12. Be3 h6 13. Rc1 Be6 14. h3 O-O 15. Ke2 Rfd8 16. Nc3 Nd4+ 17. Bxd4 exd4 18. Na4 b5 19. Nc5 Nh5 20. g3 Rdc8 21. Nxe6 fxe6 22.
Nxd4 Bf6 23. Nc6 Rc7 24. e5 Bg5 25. Rc2 Rac8 26. Nd4 Kf7 27. Rd1 Rxc2+ 28. Bxc2 Rc5 29. f4 Nxg3+ 30. Kf3 Bxf4 31. Kxf4 Nh5+ 32. Ke4 Ng3+ 33. Kf3 Nh5 34. Bb3 Rxe5 35. Nxe6 Rxe6 36. Re1 1-0

[Event "Early-Titled-Tuesday-Blitz-March-05-2024"]
[Site "Chess.com"]
[Date "2024.03.05"]
[Round "4"]
[White "Masterbeaterr"]
[Black "tarno17"]
[Result "1-0"]
[WhiteElo "2447"]
[BlackElo "2152"]
[TimeControl "180+1"]
[EndTime "8:40:37 PST"]
[Termination "Masterbeaterr won by checkmate"]

1. d4 d5 2. c4 e6 3. Nc3 Nf6 4. Bg5 Be7 5. e3 h6 6. Bh4 O-O 7. Nf3 b6 8. cxd5 exd5 9. Bd3 Bb7 10. O-O Nbd7 11. Rc1 Ne4 12. Bxe7 Qxe7 13. Bb1 Ndf6 14. Ne5 c5 15. f3 Nxc3 16. bxc3 Rac8 17. Qd3 cxd4 18.
cxd4 Rc7 19. Rxc7 Qxc7 20. Ng4 Re8 21. Nxf6+ gxf6 22. Qh7+ Kf8 23. Qxh6+ Ke7 24. e4 Qb8 25. Re1 Rh8 26. exd5+ Kd7 27. Bf5+ Kd6 28. Qxf6+ Kxd5 29. Qxf7+ Kxd4 30. Qd7+ Bd5 31. Rd1+ Kc3 32. Qxd5 Qxh2+ 33. Kf2 Qh4+ 34. Ke2 Re8+ 35. Be4 Qf4 36. Qb3# 1-0

[Event "Early-Titled-Tuesday-Blitz-March-05-2024"]
[Site "Chess.com"]
[Date "2024.03.05"]
[Round "4"]
[White "Rikikits"]
[Black "MITerryble"]
[Result "1/2-1/2"]
[WhiteElo "2841"]
[BlackElo "3029"]
[TimeControl "180+1"]
[EndTime "8:40:38 PST"]
[Termination "Game drawn by agreement"]

1. d4 d5 2. c4 dxc4 3. Nf3 Nf6 4. e3 e6 5. Bxc4 a6 6. O-O c5 7. Be2 Nc6 8. dxc5 Bxc5 9. Qxd8+ Kxd8 10. b3 Ke7 11.
Bb2 Bd7 12. Nbd2 b5 13. Rfc1 Bd6 14. a4 Rab8 15. axb5 axb5 16. Nd4 Nxd4 17. Bxd4 Rhc8 18. Bf3 e5 19. Bb2 Rxc1+ 20. Rxc1 Rc8 21. Rxc8 Bxc8 22. Ne4 Nxe4 23. Bxe4 Be6 24. Bc2 g6 25. Kf1 f5 26.
f3 Bf7 27. Bc3 Kd7 28. b4 Bc4+ 29. Kf2 Ke6 30. e4 f4 31. Bd1 Bc7 32. Be2 Bb6+ 33. Kf1 1/2-1/2

[Event "Early-Titled-Tuesday-Blitz-March-05-2024"]
[Site "Chess.com"]
[Date "2024.03.05"]
[Round "4"]
[White "TimGrutter03"]
[Black "RamonManon0g"]
[Result "1-0"]
[WhiteElo "2616"]
[BlackElo "2418"]
[TimeControl "180+1"]
[EndTime "8:40:39 PST"]
[Termination "TimGrutter03 won by resignation"]

1. e4 c5 2. Nf3 d6 3. d4 cxd4 4. c3 dxc3 5. Nxc3 Nc6 6. Bc4 e6 7. O-O Be7 8. Qe2 Nf6 9. Rd1 e5 10. Bg5 Bg4 11. Bxf6 Bxf6 12. Nb5 O-O 13. Rxd6 Qe7 14.
h3 a6 15. Rxf6 Qxf6 16. hxg4 axb5 17. Bxb5 h6 18. a4 Rfd8 19. Rc1 Qf4 20. Rc4 Qxg4 21. Bxc6 bxc6 22. Qc2 Ra6 23. b4 Qh5 24. Rc5 Qg6 25.
Nxe5 Qd6 26. Nxc6 Qd1+ 27. Kh2 Qd6+ 28. e5 Qd7 29. Nxd8 Qxd8 30. Rc8 1-0

[Event "Early-Titled-Tuesday-Blitz-March-05-2024"]
[Site "Chess.com"]
[Date "2024.03.05"]
[Round "4"]
[White "GoValya"]
[Black "Der_Balak_3Halak"]
[Result "0-1"]
[WhiteElo "2246"]
[BlackElo "2470"]
[TimeControl "180+1"]
[EndTime "8:40:39 PST"]
[Termination "Der_Balak_3Halak won by resignation"]

1. d4 d5 2. Nf3 Nf6 3. g3 c6 4. c4 e6 5. Bg2 Be7 6. O-O O-O 7. Nc3 Nbd7 8. Nd2 b6 9. e4 dxe4 10. Ndxe4 Bb7 11. Qc2 Nxe4 12. Nxe4 Nf6 13. Rd1 Rc8 14. Bf4 Qd7 15. Rac1 Rfd8 16. a3 g6 17. b4 Nxe4 18. Qxe4 Bf6 19. Be5 Bxe5 20. Qxe5 c5 21. Bxb7 Qxb7 22.
bxc5 bxc5 23. dxc5 Rxd1+ 24. Rxd1 Qf3 25. Rd7 Qxa3 26.
c6 Qc1+ 27. Kg2 Qxc4 28. c7 Qc6+ 0-1

[Event "Early-Titled-Tuesday-Blitz-March-05-2024"]
[Site "Chess.com"]
[Date "2024.03.05"]
[Round "4"]
[White "Ralf61"]
[Black "Nuvas"]
[Result "0-1"]
[WhiteElo "2570"]
[BlackElo "2809"]
[TimeControl "180+1"]
[EndTime "8:40:41 PST"]
[Termination "Nuvas won by resignation"]

1. c4 Nf6 2. Nc3 e5 3. Nf3 Nc6 4. g3 Bb4 5. Bg2 O-O 6. O-O e4 7. Ng5 Bxc3 8. dxc3 Re8 9. Nh3 d6 10. Nf4 Ne5 11. b3 Bf5 12. h3 h6 13. Be3 c6 14. g4 Bh7 15. Kh2 Qc7 16. Kh1 Rad8 17. Qd2 g5 18. Nh5 Nxh5 19. gxh5 f5 20. Bd4 c5 21. Bxe5 dxe5 22. Qc2 Rd7 23. Rad1 Red8 24. b4 f4 25. Qc1 b6 26. Rxd7 Qxd7 27. bxc5 f3 0-1

[Event "Early-Titled-Tuesday-Blitz-March-05-2024"]
[Site "Chess.com"]
[Date "2024.03.05"]
[Round "4"]
[White "kids2010"]
[Black "Eliwood44"]
[Result "1-0"]
[WhiteElo "2772"]
[BlackElo "2507"]
[TimeControl "180+1"]
[EndTime "8:40:44 PST"]
[Termination "kids2010 won by resignation"]

1. e4 e5 2. Nf3 Nc6 3. Bc4 Nf6 4. d3 Bc5 5. O-O a6 6. c3 d6 7. a4 h6 8. b4 Ba7 9. h3 O-O 10. Nbd2 Re8 11. Re1 Be6 12. Qb3 Bxc4 13. Nxc4 b5 14.
Ne3 Bxe3 15. Bxe3 d5 16. Bc5 dxe4 17. dxe4 Qb8 18. Rad1 Qb7 19. g4 Rad8 20. g5 Rxd1 21. Rxd1 Nxe4 22. Rd7 Nd8 23. g6 Nxc5 24. gxf7+ Kh7 25.
Qc2+ e4 26. fxe8=Q Nxd7 27. Qxd7 1-0

[Event "Early-Titled-Tuesday-Blitz-March-05-2024"]
[Site "Chess.com"]
[Date "2024.03.05"]
[Round "4"]
[White "rnanjo"]
[Black "inagreV"]
[Result "1-0"]
[WhiteElo "2570"]
[BlackElo "2381"]
[TimeControl "180+1"]
[EndTime "8:40:44 PST"]
[Termination "rnanjo won by resignation"]

1. e4 e6 2. d4 d5 3. e5 c5 4. c3 Nc6 5. Nf3 Bd7 6. Be2 Nge7 7. Na3 cxd4 8. cxd4 Nf5 9. Nc2 Nb4 10. O-O Rc8 11.
Nce1 Be7 12. a3 Nc6 13. b4 b5 14. Bb2 a5 15. Nd3 axb4 16. axb4 Qb6 17. Nc5 Nxb4 18. Nxd7 Kxd7 19. Qb3 Rb8 20. g4 Nh6 21. h3 Nc6 22. Rfc1 Rhc8 23. Qd3 g6 24. Qd2 Ng8 25. Qf4 Ke8 26. Ba3 Bxa3 27. Rxa3 Rb7 28. Ng5 h6 29. Nh7 b4 30. Ra6 Nxd4 31. Rxc8+ Kd7 32. Qxf7+ 1-0

[Event "Early-Titled-Tuesday-Blitz-March-05-2024"]
[Site "Chess.com"]
[Date "2024.03.05"]
[Round "4"]
[White "Casper"]
[Black "ElVital"]
[Result "1-0"]
[WhiteElo "2522"]
[BlackElo "2344"]
[TimeControl "180+1"]
[EndTime "8:40:45 PST"]
[Termination "Casper won by checkmate"]

1. e4 c5 2. d4 cxd4 3. Qxd4 Nc6 4. Qe3 g6 5. Nc3 Bg7 6. Bd2 d6 7. O-O-O Be6 8. h4 Qa5 9. a3 Rc8 10. Nd5 Qd8 11. Bc3 Bxc3 12. Qxc3 f6 13. h5 Ne5 14.
Bb5+ Kf7 15. hxg6+ hxg6 16. Rxh8 Rxc3 17. Nxc3 Qb6 18.
Nge2 Qxf2 19. Rdh1 Qxg2 20. R1h7+ Kf8 21. Nf4 Qg5 22.
Ne2 Bf7 23. Kb1 a6 24. Ba4 Qg4 25. Bb3 e6 26. Rxf7+ Nxf7 27. Nxe6+ Ke7 28. Rxg8 Qxe2 29. Rg7 Qxe4 30. Rxf7+ Ke8 31. Rxf6 Qe1+ 32. Ka2 Qg3 33. Bd5 g5 34. Rg6 g4 35. Bxb7 Ke7 36. Nd4 Qf4 37.
c3 g3 38. Bd5 Kd7 39. Rg7+ Kc8 40. Bb7+ Kb8 41. Nc6# 1-0

[Event "Early-Titled-Tuesday-Blitz-March-05-2024"]
[Site "Chess.com"]
[Date "2024.03.05"]
[Round "4"]
[White "Evgeny81"]
[Black "Jospem"]
[Result "0-1"]
[WhiteElo "2769"]
[BlackElo "3062"]
[TimeControl "180+1"]
[EndTime "8:40:46 PST"]
[Termination "Jospem won by resignation"]

1. Nf3 c5 2. c4 Nc6 3. g3 g6 4.
Bg2 Bg7 5. O-O d6 6. Nc3 e6 7. Rb1 Nge7 8. a3 O-O 9. b4 Rb8 10. Qc2 b6 11. d3 Bb7 12. Bf4 Nd4 13. Nxd4 cxd4 14. Ne4 e5 15. Bc1 d5 16. Nd2 dxc4 17. Nxc4 Bxg2 18. Kxg2 Rc8 19. b5 Nd5 20. Bd2 h5 21. h4 Qe7 22. Rfc1 Kh7 23. Qb3 Qe6 24. Bb4 Rfd8 25. a4 Bh6 26. Rc2 e4 27. dxe4 Qxe4+ 28. f3 Qe6 29. Kh2 Nc3 30. Bxc3 Qxc4 0-1

[Event "Early-Titled-Tuesday-Blitz-March-05-2024"]
[Site "Chess.com"]
[Date "2024.03.05"]
[Round "4"]
[White "jamengrand"]
[Black "Susal_De_Silva"]
[Result "1-0"]
[WhiteElo "2468"]
[BlackElo "2641"]
[TimeControl "180+1"]
[EndTime "8:40:48 PST"]
[Termination "jamengrand won by resignation"]

1. e4 c6 2. Nf3 d5 3. exd5 cxd5 4.
Ne5 Nd7 5. d4 Ngf6 6. c3 e6 7.
Bd3 Bd6 8. f4 b6 9. O-O Bb7 10.
Nd2 O-O 11. Qf3 g6 12. g4 Ne8 13. Nxd7 Qxd7 14. f5 e5 15. dxe5 Bxe5 16. fxg6 hxg6 17.
Bxg6 Ng7 18. Bf5 Qc7 19. Qh3 Qc5+ 20. Rf2 Rfe8 21. Qh7+ Kf8 22. Nb3 Qc6 23. Bg6 Bf6 24. Bh6 Ke7 25. Bxg7 Bxg7 1-0

[Event "Early-Titled-Tuesday-Blitz-March-05-2024"]
[Site "Chess.com"]
[Date "2024.03.05"]
[Round "4"]
[White "the_blue_pill"]
[Black "kleopl"]
[Result "0-1"]
[WhiteElo "2347"]
[BlackElo "2525"]
[TimeControl "180+1"]
[EndTime "8:40:48 PST"]
[Termination "kleopl won by resignation"]

1. e4 c5 2. Nf3 d6 3. d4 cxd4 4. Nxd4 Nf6 5. Nc3 a6 6. Be3 e5 7.
Nb3 Be7 8. Qd2 Ng4 9. g3 Be6 10. O-O-O Nxe3 11. Qxe3 Nd7 12. f4 b5 13. Kb1 Qb6 14.
Qf3 Nf6 15. f5 Bc4 16. g4 h6 17. h4 b4 18. Bxc4 bxc3 19. g5 Nd7 20. g6 fxg6 21.
fxg6 Rf8 22. Bf7+ Kd8 23. Qxc3 Rc8 24. Qd3 a5 25. Nd2 Nc5 26. Qd5 Rb8 27. Nc4 Qb5 28.
b3 Na4 29. Qxb5 Nc3+ 30. Ka1 Rxb5 31. Nxd6 Nxd1 32. Nxb5 Nf2 33. Rd1+ Nxd1 0-1

[Event "Early-Titled-Tuesday-Blitz-March-05-2024"]
[Site "Chess.com"]
[Date "2024.03.05"]
[Round "4"]
[White "LionelMessiFCB"]
[Black "FredddieCroderg"]
[Result "0-1"]
[WhiteElo "2455"]
[BlackElo "2280"]
[TimeControl "180+1"]
[EndTime "8:40:48 PST"]
[Termination "FredddieCroderg won by resignation"]

1. e4 c6 2. d4 d5 3. e5 Bf5 4. Nd2 e6 5. Nb3 Nd7 6. Be3 Ne7 7. f4 Nc8 8. Rc1 Be7 9. Qf3 O-O 10. Ne2 Be4 11.
Qf2 c5 12. dxc5 a5 13. a4 Qc7 14. Nc3 Bf5 15. Nb5 Qb8 16. Bd3 Bg6 17. h4 f6 18.
exf6 Bxf6 19. Bxg6 hxg6 20. c3 e5 21. Qd2 Ne7 22.
g3 Ra6 23. O-O Kh7 24. fxe5 Bxe5 25. Rxf8 Qxf8 26. Rf1 Rf6 27. Rxf6 Nxf6 28. Bf4 Ne4 29. Qe3 Nf5 30. Qf3 Nfxg3 0-1

[Event "Early-Titled-Tuesday-Blitz-March-05-2024"]
[Site "Chess.com"]
[Date "2024.03.05"]
[Round "4"]
[White "ChristianArca"]
[Black "Statham_01"]
[Result "1-0"]
[WhiteElo "2709"]
[BlackElo "2527"]
[TimeControl "180+1"]
[EndTime "8:40:49 PST"]
[Termination "ChristianArca won on time"]

1. d4 e6 2. Bf4 b6 3. e3 Bb7 4.
Nf3 f5 5. Bd3 Nf6 6. h3 Be7 7. O-O O-O 8. c4 Ne4 9. Nc3 d6 10. Rc1 Nd7 11. a3 a5 12. Qe2 Ndf6 13. Rfd1 Nxc3 14. Rxc3 Ne4 15. Rcc1 g5 16. Bh2 g4 17.
Bxe4 Bxe4 18. hxg4 Kh8 19. d5 fxg4 20. Nd4 Bh4 21.
Nxe6 Rxf2 22. Qxg4 Rxg2+ 23. Qxg2 Bf2+ 24. Qxf2 Qg8+ 25. Qg3 Qf7 26. Rf1 Qe7 27. Rf4 Rg8 28. Qxg8+ Kxg8 29. Rcf1 h5 30. Rf8+ Qxf8 31. Rxf8+ 1-0

[Event "Early-Titled-Tuesday-Blitz-March-05-2024"]
[Site "Chess.com"]
[Date "2024.03.05"]
[Round "4"]
[White "Talcrifice"]
[Black "RobertoJBM"]
[Result "0-1"]
[WhiteElo "2578"]
[BlackElo "2844"]
[TimeControl "180+1"]
[EndTime "8:40:53 PST"]
[Termination "RobertoJBM won by resignation"]

1. d4 d5 2. c4 c6 3. Nc3 Nf6 4. e3 a6 5. Nf3 Bf5 6. Qb3 Ra7 7. Nh4 Be6 8. c5 g6 9. Be2 Bg7 10. O-O O-O 11. Bd2 Nbd7 12. Nf3 Bg4 13. Qc2 Bxf3 14. Bxf3 e5 15. b4 Re8 16. Rab1 h5 17. g3 e4 18.
Bg2 Nh7 19. h4 g5 20. hxg5 Nxg5 21. f3 f5 22. f4 Nf7 23. Kf2 Nf6 24. Bh3 Nh6 25.
Rh1 Kf7 26. a4 Rg8 27. b5 axb5 28. axb5 Qd7 29. Rb2 Bf8 30. bxc6 bxc6 31. Rhb1 Be7 32. Rb8 Nhg4+ 33. Ke2 Rxb8 34. Rxb8 Rb7 35. Rxb7 Qxb7 36. Qa4 Bd8 37. Na2 Ke6 38. Nb4 Kd7 39. Bxg4 fxg4 40.
Qc2 Qb5+ 41. Kf2 h4 42. gxh4 Nh5 0-1

[Event "Early-Titled-Tuesday-Blitz-March-05-2024"]
[Site "Chess.com"]
[Date "2024.03.05"]
[Round "4"]
[White "Kumi29"]
[Black "tusplingher"]
[Result "1-0"]
[WhiteElo "2620"]
[BlackElo "2448"]
[TimeControl "180+1"]
[EndTime "8:40:54 PST"]
[Termination "Kumi29 won by resignation"]

1. d4 Nf6 2. Bg5 c6 3. Bxf6 exf6 4. c4 d5 5. cxd5 Qxd5 6. Nc3 Qd8 7. e4 f5 8. Bc4 Be7 9. Nf3 fxe4 10. Ne5 O-O 11.
Qh5 Be6 12. Bxe6 fxe6 13. O-O-O Nd7 14. Nxe4 Nxe5 15. dxe5 Qa5 16. Rd7 Qxa2 17. Rxe7 Qa1+ 18. Kc2 Qa4+ 19. Kd3 Rad8+ 20. Nd6 Qb5+ 21. Kc3 Rxd6 22. Rxg7+ Kxg7 23. Qg4+ Kh8 24. exd6 Rxf2 25. Qd4+ 1-0

[Event "Early-Titled-Tuesday-Blitz-March-05-2024"]
[Site "Chess.com"]
[Date "2024.03.05"]
[Round "4"]
[White "Cambek64"]
[Black "viktorskliarov"]
[Result "1/2-1/2"]
[WhiteElo "2445"]
[BlackElo "2598"]
[TimeControl "180+1"]
[EndTime "8:40:54 PST"]
[Termination "Game drawn by repetition"]

1. e4 c5 2. Nf3 Nc6 3. Bb5 e6 4. Bxc6 bxc6 5. d3 Ne7 6. O-O Ng6 7. Nc3 e5 8. b3 Be7 9. Bb2 O-O 10. Ne2 d6 11.
Nd2 f5 12. exf5 Bxf5 13. f4 exf4 14. Nxf4 Bf6 15. Bxf6 Qxf6 16. Nxg6 Qd4+ 17. Kh1 Bxg6 18. Nf3 Qd5 19. Qd2 Rae8 20. Rae1 Bh5 21. Rxe8 Rxe8 22. h3 Bxf3 23. Rxf3 Qe5 24. Rf1 Qe2 25. Qf4 h6 26. Qf7+ Kh8 27. Qf2 Qxf2 28. Rxf2 Kg8 29. g3 Re1+ 30. Kg2 Ra1 31. a4 Re1 32. Rf1 Re2+ 33. Rf2 Re3 34. Rf3 Re2+ 35. Rf2 Re3 36. Rf3 Re2+ 37. Rf2 1/2-1/2

[Event "Early-Titled-Tuesday-Blitz-March-05-2024"]
[Site "Chess.com"]
[Date "2024.03.05"]
[Round "4"]
[White "Chessdreamer2020"]
[Black "AccioChess"]
[Result "1-0"]
[WhiteElo "2528"]
[BlackElo "2348"]
[TimeControl "180+1"]
[EndTime "8:40:54 PST"]
[Termination "Chessdreamer2020 won by resignation"]

1. e4 c5 2. Nf3 Nc6 3. Bb5 g6 4. O-O Bg7 5. c3 Nf6 6. Qa4 O-O 7. d4 cxd4 8. cxd4 d5 9. e5 Ne4 10. Bxc6 bxc6 11. Qxc6 Rb8 12. Nc3 Bb7 13. Qa4 Qb6 14.
Qa3 e6 15. Be3 Rfc8 16. Rfc1 Bf8 17. Qb3 Ba6 18. Qxb6 Rxb6 19. Nxe4 dxe4 20. Rxc8 Bxc8 21. Nd2 Rxb2 22. Nxe4 Bb7 23. Nf6+ Kg7 24. a4 Be7 25. Ne8+ Kf8 26. Nc7 Rc2 27. Nb5 a6 28. Nd6 Bxd6 29.
exd6 Bd5 30. Rb1 Ke8 31. h4 Kd7 32. Rb6 Ra2 33. Rxa6 Bc6 34. a5 Kxd6 35. h5 f5 36. h6 Kd5 37. Ra7 g5 38. Bxg5 Kxd4 39. Rxh7 Rxa5 40.
Rc7 Kd5 41. h7 Ra8 42. Bf6 1-0